3A
GALESBURG GUZZLERS @ PROVO MANGO
08/29/2027
 
TOP OF THE 1ST
Galesburg Guzzlers batting - Pitching for Provo Mango : RHP Kagetoki Matsubara
Pitching: RHP Kagetoki Matsubara
Batting: RHB Eun-bum Kim 0-0: Ball
1-0: Ground out 6-3 (Groundball, 6)
Batting: RHB Mike Mays 0-0: Ball
1-0: Ground out 5-3 (Groundball, 56S)
Batting: RHB Toussiant L'Ouverture 0-0: Ball
1-0: Called Strike
1-1: Foul Ball, location: 2F
1-2: Ball
2-2: Ball
3-2: Strikes out swinging
Top of the 1st over - 0 run(s), 0 hit(s), 0 error(s), 0 left on base; Galesburg 0 - Provo 0
BOTTOM OF THE 1ST
Provo Mango batting - Pitching for Galesburg Guzzlers : RHP César Albó
Pitching: RHP César Albó
Batting: SHB Yun-qi Chien 0-0: Ball
1-0: Ball
2-0: Foul Ball, location: 2F
2-1: Ball
3-1: Reached via error on a dropped throw, E1
Batting: RHB António Marquis 0-0: Ball
1-0: Swinging Strike
1-1: Ball
2-1: Called Strike
2-2: Strikes out looking
Batting: RHB Francisco Guerra 0-0: Ball
1-0: Called Strike
1-1: Swinging Strike
1-2: SINGLE (Groundball, 6D)
Yun-qi Chien to second
Batting: LHB Andrés Garza 0-0: Fly out, F7 (Flyball, 56D)
Batting: RHB Michael Sweeney 0-0: Ball
1-0: Ball
2-0: Foul Ball, location: 2F
2-1: Hit by Pitch
Yun-qi Chien to third
Francisco Guerra to second
Batting: SHB Tommy Dreamer 0-0: Called Strike
0-1: Called Strike
0-2: Ball
1-2: Strikes out swinging
Bottom of the 1st over - 0 run(s), 1 hit(s), 1 error(s), 3 left on base; Galesburg 0 - Provo 0
TOP OF THE 2ND
Galesburg Guzzlers batting - Pitching for Provo Mango : RHP Kagetoki Matsubara
Batting: LHB Paolo van Ginderen 0-0: Fly out, F8 (Line Drive, 8LM)
Batting: RHB José Díaz 0-0: Ball
1-0: Called Strike
1-1: Ball
2-1: Foul Ball, location: 2F
2-2: Foul Ball, location: 2F
2-2: Foul Ball, location: 2F
2-2: Fly out, F6 (Line Drive, 6)
Batting: RHB Jack Cantrell 0-0: Ball
1-0: Swinging Strike
1-1: Ball
2-1: Swinging Strike
2-2: Foul Ball, location: 2F
2-2: Foul Ball, location: 2F
2-2: SINGLE (Line Drive, 56D)
Batting: RHB José Alfaro 0-0: Ball
1-0: Called Strike
1-1: Ball
2-1: SINGLE (Line Drive, 78S)
Jack Cantrell to second
Batting: RHB Sébastien Bernard 0-0: Ball
1-0: Ball
2-0: Fielders Choice at 2nd, 5-4 (Groundball, 5)
Top of the 2nd over - 0 run(s), 2 hit(s), 0 error(s), 1 left on base; Galesburg 0 - Provo 0
BOTTOM OF THE 2ND
Provo Mango batting - Pitching for Galesburg Guzzlers : RHP César Albó
Batting: RHB Guillermo Carrizales 0-0: Ball
1-0: SINGLE (Flyball, 9S)
Batting: SHB Hong Wei Cao 0-0: Called Strike
0-1: Swinging Strike
0-2: Fly out, F4 (Popup, 34)
Batting: LHB Tom Haymon 0-0: Called Strike
Guillermo Carrizales is caught stealing 2nd base
0-1: Ball
1-1: Fly out, F8 (Line Drive, 8RM)
Bottom of the 2nd over - 0 run(s), 1 hit(s), 0 error(s), 0 left on base; Galesburg 0 - Provo 0
TOP OF THE 3RD
Galesburg Guzzlers batting - Pitching for Provo Mango : RHP Kagetoki Matsubara
Batting: LHB Marshall Willis 0-0: Ball
1-0: SINGLE (Groundball, 6D)
Batting: RHB Eun-bum Kim 0-0: Ball
1-0: Ball
2-0: Ground out 4-3 (Groundball, 4M)
Marshall Willis to second
Batting: RHB Mike Mays 0-0: Ball
1-0: Fly out, F9 (Flyball, 9LS)
Batting: RHB Toussiant L'Ouverture 0-0: Ball
1-0: Ball
2-0: Called Strike
2-1: Fly out, F9 (Flyball, 89M)
Top of the 3rd over - 0 run(s), 1 hit(s), 0 error(s), 1 left on base; Galesburg 0 - Provo 0
BOTTOM OF THE 3RD
Provo Mango batting - Pitching for Galesburg Guzzlers : RHP César Albó
Batting: SHB Yun-qi Chien 0-0: Swinging Strike
0-1: Called Strike
0-2: Strikes out looking
Batting: RHB António Marquis 0-0: Foul Ball, location: 2F
0-1: Ball
1-1: Ball
2-1: TRIPLE (Line Drive, 89D)
Batting: RHB Francisco Guerra 0-0: Ball
1-0: Ball
2-0: Ball
3-0: Base on Balls
Batting: LHB Andrés Garza 0-0: Ball
1-0: Ball
2-0: Reached on error, E6 (Groundball, 6)
António Marquis scores
Francisco Guerra to second
Batting: RHB Michael Sweeney 0-0: Ball
1-0: Swinging Strike
1-1: Fly out, F8 (Flyball, 8RS)
Batting: SHB Tommy Dreamer 0-0: Ball
1-0: Swinging Strike
1-1: Ground out U3 (Groundball, 2R)
Bottom of the 3rd over - 1 run(s), 1 hit(s), 1 error(s), 2 left on base; Galesburg 0 - Provo 1
TOP OF THE 4TH
Galesburg Guzzlers batting - Pitching for Provo Mango : RHP Kagetoki Matsubara
Batting: LHB Paolo van Ginderen 0-0: Ball
1-0: Called Strike
1-1: Fly out, F7 (Flyball, 78M)
Batting: RHB José Díaz 0-0: Called Strike
0-1: Ball
1-1: Called Strike
1-2: Ball
2-2: Fly out, F7 (Line Drive, 7)
Batting: RHB Jack Cantrell 0-0: Called Strike
0-1: Swinging Strike
0-2: Strikes out swinging wild pitch, reaches first!
Batting: RHB José Alfaro 0-0: SINGLE (Groundball, 56D)
Jack Cantrell to second
Batting: RHB Sébastien Bernard 0-0: Ball
1-0: Ball
2-0: Called Strike
2-1: Ball
3-1: Base on Balls
Jack Cantrell to third
José Alfaro to second
Batting: LHB Marshall Willis 0-0: Foul Ball, location: 2F
0-1: Called Strike
0-2: Foul Ball, location: 2F
0-2: Ball
1-2: Strikes out swinging
Top of the 4th over - 0 run(s), 1 hit(s), 0 error(s), 3 left on base; Galesburg 0 - Provo 1
BOTTOM OF THE 4TH
Provo Mango batting - Pitching for Galesburg Guzzlers : RHP César Albó
Batting: RHB Guillermo Carrizales 0-0: Called Strike
0-1: SINGLE (Line Drive, 78S)
Batting: SHB Hong Wei Cao 0-0: Called Strike
0-1: Ball
1-1: Ball
Passed Ball!
Guillermo Carrizales to second
2-1: Ball
3-1: Fly out, F7 (Flyball, 7S)
Batting: LHB Tom Haymon 0-0: Ball
1-0: Foul Ball, location: 2F
1-1: Ground out 1-3 (Groundball, 13)
Guillermo Carrizales to third
Batting: SHB Yun-qi Chien 0-0: Ball
1-0: Foul Ball, location: 2F
1-1: Ball
2-1: Fly out, F9 (Flyball, 89M)
Bottom of the 4th over - 0 run(s), 1 hit(s), 0 error(s), 1 left on base; Galesburg 0 - Provo 1
TOP OF THE 5TH
Galesburg Guzzlers batting - Pitching for Provo Mango : RHP Kagetoki Matsubara
Batting: RHB Eun-bum Kim 0-0: Foul Ball, location: 2F
0-1: Foul Ball, location: 2F
0-2: Ball
1-2: Strikes out looking
Batting: RHB Mike Mays 0-0: Ball
1-0: SINGLE (Groundball, 56) (infield hit)
Batting: RHB Toussiant L'Ouverture 0-0: Ball
1-0: Called Strike
Mike Mays is caught stealing 2nd base
1-1: SINGLE (Groundball, 34D)
Batting: LHB Paolo van Ginderen 0-0: Foul Ball, location: 2F
0-1: Fly out, F2 (Popup, 23)
Top of the 5th over - 0 run(s), 2 hit(s), 0 error(s), 1 left on base; Galesburg 0 - Provo 1
BOTTOM OF THE 5TH
Provo Mango batting - Pitching for Galesburg Guzzlers : RHP César Albó
Batting: RHB António Marquis 0-0: Ball
1-0: Ball
2-0: Called Strike
2-1: Ground out 6-3 (Groundball, 56)
Batting: RHB Francisco Guerra 0-0: Ball
1-0: Foul Ball, location: 2F
1-1: Swinging Strike
1-2: Ball
2-2: Strikes out swinging
Batting: LHB Andrés Garza 0-0: Ball
1-0: Ball
2-0: Foul Ball, location: 2F
2-1: Fly out, F8 (Flyball, 8LS)
Bottom of the 5th over - 0 run(s), 0 hit(s), 0 error(s), 0 left on base; Galesburg 0 - Provo 1
TOP OF THE 6TH
Galesburg Guzzlers batting - Pitching for Provo Mango : RHP Kagetoki Matsubara
Batting: RHB José Díaz 0-0: Ball
1-0: Ball
2-0: Ball
3-0: Base on Balls
Batting: RHB Jack Cantrell 0-0: Bunted foul
0-1: Ball
1-1: Sac Bunt - play at first, batter OUT! 3-4
José Díaz to second
Batting: RHB José Alfaro 0-0: Foul Ball, location: 2F
0-1: Foul Ball, location: 2F
0-2: Ball
1-2: Strikes out swinging
Batting: RHB Sébastien Bernard 0-0: Ball
1-0: Ball
2-0: Ball
3-0: Base on Balls
Batting: LHB Marshall Willis 0-0: Called Strike
0-1: Ball
1-1: Ball
2-1: Ball
3-1: Foul Ball, location: 2F
3-2: Base on Balls
José Díaz to third
Sébastien Bernard to second
Batting: RHB Eun-bum Kim 0-0: Swinging Strike
0-1: SINGLE (Flyball, 9S)
José Díaz scores
Sébastien Bernard to third
Marshall Willis to second
Runner from 3rd tries for Home, SAFE, no throw
Batting: RHB Mike Mays 0-0: Ball
1-0: Foul Ball, location: 2F
1-1: Foul Ball, location: 2F
1-2: SINGLE (Groundball, 4MD)
Marshall Willis to third
Eun-bum Kim to second
Runner from 3rd tries for Home, SAFE, no throw
Batting: RHB Toussiant L'Ouverture 0-0: Called Strike
0-1: Foul Ball, location: 2F
0-2: Foul Ball, location: 2F
0-2: Fly out, F5 (Line Drive, 56)
Top of the 6th over - 3 run(s), 2 hit(s), 0 error(s), 2 left on base; Galesburg 3 - Provo 1
BOTTOM OF THE 6TH
Provo Mango batting - Pitching for Galesburg Guzzlers : RHP César Albó
Batting: RHB Michael Sweeney 0-0: Swinging Strike
0-1: Foul Ball, location: 2F
0-2: Ball
1-2: Ball
2-2: SINGLE (Groundball, 34D)
Batting: SHB Tommy Dreamer 0-0: Bunt missed!
0-1: Sac Bunt - play at first, batter OUT! 1-4
Michael Sweeney to second
Batting: RHB Guillermo Carrizales 0-0: Ball
1-0: Ball
2-0: Foul Ball, location: 2F
2-1: Ball
3-1: Base on Balls
Batting: SHB Hong Wei Cao 0-0: Hit by Pitch
Michael Sweeney to third
Guillermo Carrizales to second
Batting: LHB Tom Haymon 0-0: SINGLE (Line Drive, 34)
Michael Sweeney scores
Guillermo Carrizales to third
Hong Wei Cao to second
Batting: SHB Yun-qi Chien 0-0: Fly out, F2 (Popup, 13)
Batting: RHB António Marquis 0-0: Ball
1-0: Called Strike
1-1: Fielders Choice at 2nd, 4-6 (Groundball, 4)
Bottom of the 6th over - 1 run(s), 2 hit(s), 0 error(s), 2 left on base; Galesburg 3 - Provo 2
TOP OF THE 7TH
Galesburg Guzzlers batting - Pitching for Provo Mango : RHP Kagetoki Matsubara
Batting: LHB Paolo van Ginderen 0-0: Ground out 5-3 (Groundball, 56)
Batting: RHB José Díaz 0-0: Hit by Pitch
Batting: RHB Jack Cantrell 0-0: Ground out 5-3 (Groundball, 56S)
José Díaz to second
Pinch Hitting: LHB Armando Rodríguez 0-0: Ball
1-0: Ball
2-0: Ball
3-0: Called Strike
3-1: Fly out, F7 (Flyball, 7)
Top of the 7th over - 0 run(s), 0 hit(s), 0 error(s), 1 left on base; Galesburg 3 - Provo 2
BOTTOM OF THE 7TH
Provo Mango batting - Pitching for Galesburg Guzzlers : RHP César Albó
Now in RF: Robby Amesquita
Batting: RHB Francisco Guerra 0-0: Ball
1-0: Foul Ball, location: 2F
1-1: Ball
2-1: Called Strike
2-2: Strikes out swinging
Batting: LHB Andrés Garza 0-0: Ball
1-0: Swinging Strike
1-1: Foul Ball, location: 2F
1-2: Ball
2-2: Foul Ball, location: 2F
2-2: Foul Ball, location: 2F
2-2: Strikes out swinging
Batting: RHB Michael Sweeney 0-0: Ball
1-0: Fly out, F4 (Popup, 4MD)
Bottom of the 7th over - 0 run(s), 0 hit(s), 0 error(s), 0 left on base; Galesburg 3 - Provo 2
TOP OF THE 8TH
Galesburg Guzzlers batting - Pitching for Provo Mango : RHP Kagetoki Matsubara
Pitching: RHP Edmund Blackadder
Batting: RHB Sébastien Bernard 0-0: Ball
1-0: Ground out 4-3 (Groundball, 4S)
Batting: LHB Marshall Willis 0-0: Ball
1-0: Called Strike
1-1: Swinging Strike
1-2: Ball
2-2: Ball
3-2: Strikes out swinging
Batting: RHB Eun-bum Kim 0-0: SINGLE (Groundball, 34D)
Batting: RHB Mike Mays 0-0: Called Strike
Eun-bum Kim steals 2nd base
0-1: Ball
1-1: Called Strike
1-2: Ball
2-2: Ball
3-2: Base on Balls
Batting: RHB Toussiant L'Ouverture 0-0: Ball
1-0: Foul Ball, location: 2F
1-1: Ball
2-1: Ball
3-1: Called Strike
3-2: Strikes out swinging
Top of the 8th over - 0 run(s), 1 hit(s), 0 error(s), 2 left on base; Galesburg 3 - Provo 2
BOTTOM OF THE 8TH
Provo Mango batting - Pitching for Galesburg Guzzlers : RHP César Albó
Pitching: RHP Geoff Stackhouse
Now at C: José Vargas
Batting: SHB Tommy Dreamer 0-0: Called Strike
0-1: Foul Ball, location: 2F
0-2: Foul Ball, location: 2F
0-2: Ball
1-2: Strikes out swinging
Pitching: RHP Victor de Meij
Batting: RHB Guillermo Carrizales 0-0: Ball
1-0: Ball
2-0: Called Strike
2-1: Swinging Strike
2-2: Strikes out swinging
Batting: SHB Hong Wei Cao 0-0: Ball
1-0: Swinging Strike
1-1: Swinging Strike
1-2: Ball
2-2: Foul Ball, location: 2F
2-2: Foul Ball, location: 2F
2-2: Foul Ball, location: 2F
2-2: Ball
3-2: Strikes out looking
Bottom of the 8th over - 0 run(s), 0 hit(s), 0 error(s), 0 left on base; Galesburg 3 - Provo 2
TOP OF THE 9TH
Galesburg Guzzlers batting - Pitching for Provo Mango : RHP Edmund Blackadder
Batting: LHB Paolo van Ginderen 0-0: Ball
1-0: Fly out, F5 (Line Drive, 56)
Batting: RHB José Díaz 0-0: Foul Ball, location: 2F
0-1: Ball
1-1: Foul Ball, location: 2F
1-2: Ball
2-2: Ball
3-2: Ground out 5-3 (Groundball, 56)
Now at 3B: Jim Unknown
Batting: RHB Jack Cantrell 0-0: Called Strike
0-1: SINGLE (Groundball, 56D)
Pinch Hitting: RHB Jim Unknown 0-0: Ball
1-0: Called Strike
Pickoff Throw to First - Out!
Top of the 9th over - 0 run(s), 1 hit(s), 0 error(s), 0 left on base; Galesburg 3 - Provo 2
BOTTOM OF THE 9TH
Provo Mango batting - Pitching for Galesburg Guzzlers : RHP Victor de Meij
Pitching: LHP Mike McKay
Now at 2B: Barrett Drury
Now in RF: Jim Unknown
Pinch Hitting: RHB Hatui Haunani 0-0: Ball
1-0: Ball
2-0: Foul Ball, location: 2F
2-1: Foul Ball, location: 2F
2-2: Strikes out looking
Batting: SHB Yun-qi Chien 0-0: Fly out, F8 (Flyball, 89M)
Batting: RHB António Marquis 0-0: Called Strike
0-1: Ball
1-1: Ball
2-1: Ball
3-1: Foul Ball, location: 2F
3-2: Base on Balls
Batting: RHB Francisco Guerra 0-0: Ball
1-0: Called Strike
1-1: Ball
2-1: Foul Ball, location: 2F
2-2: Strikes out swinging
Bottom of the 9th over - 0 run(s), 0 hit(s), 0 error(s), 1 left on base; Galesburg 3 - Provo 2
Saturday, May 26th, 2018 - OOTP Baseball 17.12 Build 75